 Dungeon Crawl Stone Soup version 0.25.0-9-g26727b657a (webtiles) character file.

Game seed: 3676356438093135505

876 Revguard the Sneak (level 8, -1/43 HPs)
             Began as a Kobold Enchanter on June 17, 2020.
             Was an Initiate of Dithmenos.
             Slain by a hippogriff (6 damage)
             ... on level 6 of the Dungeon.
             The game lasted 00:21:35 (6624 turns).

Revguard the Sneak (Kobold Enchanter)               Turns: 6624, Time: 00:21:35

Health: -1/43      AC:  6    Str:  6      XL:     8   Next: 25%
Magic:  3/22       EV: 14    Int: 17      God:    Dithmenos [......]
Gold:   315        SH:  0    Dex: 17 (18) Spells: 6/14 levels left

rFire    . . .     SeeInvis .   i - +0 dagger (venom)
rCold    . . .     Gourm    .   (shield restricted)
rNeg     . . .     Faith    .   l - +1 leather armour
rPois    .         Spirit   .   (no helmet)
rElec    .         Reflect  .   (no cloak)
rCorr    .         Harm     .   m - +0 pair of gloves
MR       .....                  g - +0 pair of boots
Stlth    ++........             (no amulet)
HPRegen  0.14/turn              c - ring of magical power (curse)
MPRegen  0.18/turn              (no ring)

@: very slightly contaminated
A: small, fangs 1, agile 1, blurry vision 1, carnivore, deterioration 1
a: Renounce Religion


You were on level 6 of the Dungeon.
You worshipped Dithmenos.
Dithmenos was noncommittal.
You were very full.

You visited 1 branch of the dungeon, and saw 6 of its levels.

You collected 315 gold pieces.

Inventory:

Hand Weapons
 a - a +1 dagger
 i - a +0 dagger of venom (weapon)
Missiles
 e - 14 poisoned darts (quivered)
Armour
 g - a +0 pair of boots (worn)
 l - a +1 leather armour (worn)
 m - a +0 pair of gloves (worn)
Jewellery
 c - a cursed ring of magical power (left hand)
Wands
 h - a wand of polymorph (8)
Scrolls
 b - a scroll of teleportation
Potions
 f - a potion of brilliance {unknown}
 k - a potion of curing
 o - 3 potions of degeneration {unknown}
Comestibles
 d - 13 rations


   Skills:
 + Level 1.4(0.7) Fighting
 + Level 3.0(1.5) Short Blades
 + Level 0.9(0.4) Throwing
 + Level 1.9(0.9) Armour
 * Level 4.9(2.4) Dodging
 * Level 7.6(3.8) Stealth
 * Level 3.7(1.8) Spellcasting
 * Level 5.0(2.5) Hexes
 + Level 0.9(0.4) Ice Magic
 + Level 0.2(0.1) Evocations


You had 6 spell levels left.
You knew the following spells:

 Your Spells              Type           Power        Failure   Level  Hunger
a - Tukima's Dance        Hex            ##......     32%         3    ###....
b - Ensorcelled Hibernat  Hex/Ice        #.....       26%         2    ###....
c - Confusing Touch       Hex            ##......     32%         3    ###....

Your spell library contained the following spells:

 Spells                   Type           Power        Failure   Level  Hunger
 Corona                   Hex            ##.....      11%         1    #......
 Dazzling Flash           Conj/Hex       #.....       50%         3    ###....


Dungeon Overview and Level Annotations

Branches:
Dungeon (6/15)
 Temple: D:4-7

Altars:
Ashenzari
Dithmenos
Kikubaaqudgha
Makhleb
Qazlal
Yredelemnul

Shops:
D:4 %

Annotations:
D:4 3 runed translucent doors, Descartes's ghost, amateur FoAK


Innate Abilities, Weirdness & Mutations

You are small and have problems with some larger weapons.
You are carnivorous and can eat meat at any time.
You have very sharp teeth.
You are agile. (Dex +2)
Scrolls take you a little longer to read.
Your body sometimes deteriorates upon taking damage.


Message History

Aim: a jackal (chance to defeat MR: 55%)
You miscast Ensorcelled Hibernation.
Nothing appears to happen.
The hippogriff completely misses you. The hippogriff pecks you.
The hippogriff claws you.
Casting: Ensorcelled Hibernation (dangerous; 26% risk of failure)
Confirm with . or Enter, or press ? or * to list all spells.
Aiming: Ensorcelled Hibernation (dangerous; 26% risk of failure)
Press: ? - help, Shift-Dir - straight line, f - hippogriff, p - jackal
Aim: a hippogriff (severely wounded, extremely poisoned, not susceptible)
You miscast Ensorcelled Hibernation.
Nothing appears to happen.
The hippogriff bites you!
* * * LOW HITPOINT WARNING * * *
Your body deteriorates!
You feel clumsy. The hippogriff pecks you.
* * * LOW HITPOINT WARNING * * *
The hippogriff barely misses you.
Your leather armour prevents you from hitting the hippogriff.
The hippogriff is almost dead.
The hippogriff bites you.
You die...

######## #..(...#
#......# # ### #......#
# .. #......# # #.
#......#
#.##.###......#########
#...........÷ZhH@[....#
####.###.....(#######.#
.......#......# #.#
####...######## #.# #.
#.# #. #####.# #.
#<....# #. #######


You could see a hippogriff (extremely poisoned), a bullfrog zombie and a jackal.

Vanquished Creatures
  Grinder (D:3)
  2 ogres
  A bullfrog zombie (D:5)
  A crimson imp (D:6)
  5 orc wizards
  2 orc priests (D:5)
  A bullfrog skeleton (D:5)
  A worker ant (D:5)
  A hound zombie (D:5)
  A hound skeleton (D:5)
  7 adders
  A shadow imp (D:2)
  An ooze (D:3)
  2 adder skeletons
  3 worms
  A dart slug (D:1)
  3 leopard geckos
  8 orcs
  A ball python (D:3)
  4 giant cockroaches
  8 hobgoblins
  4 jackals
  8 kobolds
  7 bats
  5 frilled lizards
  5 goblins
  3 rats
87 creatures vanquished.

Vanquished Creatures (collateral kills)
  An orc (D:5)
  A jackal (D:6)
2 creatures vanquished.

Grand Total: 89 creatures vanquished

Notes
Turn   | Place    | Note
-------+----------+-------------------------------------------
     0 | D:1      | Revguard the Kobold Enchanter began the quest for the Orb.
     0 | D:1      | Reached XP level 1. HP: 10/10 MP: 3/3
   233 | D:1      | Reached XP level 2. HP: 13/15 MP: 1/5
   249 | D:1      | Learned a level 2 spell: Ensorcelled Hibernation
   966 | D:1      | Reached XP level 3. HP: 19/19 MP: 6/6
  1065 | D:1      | Learned a level 3 spell: Confusing Touch
  1675 | D:2      | Reached skill level 5 in Stealth
  2198 | D:2      | Reached XP level 4. HP: 17/24 MP: 5/7
  2578 | D:2      | Found a burning altar of Makhleb.
  2585 | D:2      | Found a shattered altar of Ashenzari.
  2602 | D:2      | Became a worshipper of Ashenzari the Shackled
  2695 | D:2      | Gained mutation: You are agile. (Dex +2) [potion of
                  | mutation]
  2695 | D:2      | Gained mutation: Your body sometimes deteriorates upon
                  | taking damage. [potion of mutation]
  2695 | D:2      | Gained mutation: Scrolls take you a little longer to read.
                  | [potion of mutation]
  2695 | D:2      | Gained mutation: You have very sharp teeth. [potion of
                  | mutation]
  3139 | D:3      | Reached skill level 1 in Fighting
  3139 | D:3      | Reached XP level 5. HP: 29/29 MP: 8/8
  3147 | D:3      | Found an ancient bone altar of Kikubaaqudgha.
  3158 | D:3      | Learned a level 3 spell: Tukima's Dance
  3565 | D:3      | Noticed Grinder
  3587 | D:3      | Paralysed by Grinder for 6 turns
  3599 | D:3      | Killed Grinder
  3599 | D:3      | Reached skill level 1 in Armour
  3599 | D:3      | Reached skill level 6 in Stealth
  3599 | D:3      | Reached XP level 6. HP: 18/34 MP: 8/10
  4135 | D:4      | Found Etutich's Food Boutique.
  4179 | D:4      | Noticed an ogre
  4183 | D:4      | Killed an ogre
  4183 | D:4      | Reached XP level 7. HP: 38/38 MP: 11/11
  4259 | D:4      | Found a basalt altar of Yredelemnul.
  4383 | D:4      | Found a runed translucent gate.
  4383 | D:4      | Found a runed translucent gate.
  4383 | D:4      | Found a runed translucent gate.
  4401 | D:4      | Reached * piety under Ashenzari
  4507 | D:4      | Noticed Descartes's ghost (amateur FoAK)
  4867 | D:5      | Entered Level 5 of the Dungeon
  4873 | D:5      | Reached skill level 7 in Stealth
  5355 | D:5      | Reached XP level 8. HP: 39/43 MP: 12/12
  5379 | D:5      | Noticed a fire elemental
  5381 | D:5      | Found a stormy altar of Qazlal.
  5382 | D:5      | Noticed a water elemental
  5382 | D:5      | Noticed an air elemental
  5667 | D:5      | Found a shadowy altar of Dithmenos.
  5670 | D:5      | Fell from the grace of Ashenzari
  5670 | D:5      | Became a worshipper of Dithmenos the Shadowed
  5778 | D:6      | Noticed a hippogriff
  5817 | D:5      | HP: 2/43 [worker ant (4)]
  6345 | D:6      | Reached skill level 5 in Hexes
  6624 | D:6      | Slain by a hippogriff

Illustrated notes

Levels and vault maps discovered:
D:1:      dpeg_arrival_water_temple_mockup, layout_basic, minmay_cut_off
D:2:      layout_loops_ring, minitemple
D:3:      minmay_evil_eye, layout_loops_ring, kiku_gazebo_garden_becter,
          uniq_grinder
D:4:      layout_basic, yredelemnul_altar_generic, gammafunk_ghost_icy,
          first_ration, serial_shops, nicolae_shop_trees, grunt_ministairs_8
D:5:      lemuel_upstairs_altar, layout_basic, lemuel_doored_altar,
          nicolae_qazlal_style_of_elements
D:6:      layout_basic, lemuel_crystal_altar, serial_undead, serial_undead_c,
          serial_undead_c, serial_undead_e, serial_undead_f, serial_park_tiny_2,
          uniq_sigmund, uniq_edmund

Skill      XL: |  1  2  3  4  5  6  7  8 |
---------------+-------------------------+-----
Stealth        | 5 6 7 |  7.6
Short Blades   | 2 3 |  3.0
Dodging        | 3 4 |  4.9
Fighting       | 1 |  1.4
Armour         | 1 |  1.9
Hexes          | 4 5 |  5.0
Spellcasting   | 3 |  3.7
Throwing       | |  0.9
Ice Magic      | |  0.9
Evocations     | |  0.2

Action                   |  1- 3 |  4- 6 |  7- 9 || total
-------------------------+-------+-------+-------++-------
Melee: Dagger            |   170 |   176 |   143 ||   489
       Bite              |       |     9 |    19 ||    28
Throw: Dart              |     4 |     5 |     1 ||    10
 Cast: Corona            |    10 |       |       ||    10
       Ensorcelled Hiber |    19 |     5 |    18 ||    42
       Confusing Touch   |       |     1 |     6 ||     7
       Tukima's Dance    |       |     1 |     3 ||     4
Invok: Curse Item        |       |     1 |       ||     1
  Use: Potion            |     1 |     1 |     4 ||     6
       Scroll            |       |     4 |     3 ||     7
 Stab: Sleeping          |    10 |    13 |    13 ||    36
       Confused          |       |       |     1 ||     1
  Eat: Chunk             |     9 |    10 |    11 ||    30
Armor: Robe              |    25 |       |       ||    25
       Leather armour    |       |    34 |    36 ||    70
Dodge: Dodged            |   132 |   113 |   105 ||   350
